 Dungeon Sprint DCSS version 0.29-a0-789-g7a8fcbc185 (webtiles) character file.

Game seed: 18017751266974412053

494 Hipnos the Fighter (level 6, -2/66 HPs)
             Began as a Minotaur Fighter on July 3, 2022.
             Slain by a merfolk siren
             ... wielding a +0 spear
              (12 damage)
             ... in the Dungeon (Sprint II: "The Violet Keep of Menkaure").
             The game lasted 00:00:40 (292 turns).

Hipnos the Fighter (Minotaur Fighter)                Turns: 292, Time: 00:00:40

Health: -2/66      AC:  8    Str: 23    XL:     6   Next: 92%
Magic:  5/5        EV:  9    Int:  5    God:
Gold:   243        SH:  6    Dex:  9    Spells: 5/5 levels left

rFire   . . .      SeeInvis .   a - +0 long sword
rCold   . . .      Faith    .   c - +0 buckler
rNeg    . . .      Spirit   .   b - +0 scale mail
rPois   .          Reflect  .   (helmet restricted)
rElec   .          Harm     .   (no cloak)
rCorr   .          Rampage  .   (no gloves)
Will    .....      NoTele   +   (no boots)
Stlth   ..........              (no amulet)
HPRegen 0.21/turn               (no ring)
MPRegen 0.09/turn               (no ring)

@: mesmerised, hasted, very quick
A: horns 2, retaliatory headbutt
a: no special abilities


You were in the Dungeon.
You visited 1 branch You collected 243 gold pieces.

Inventory:

Hand Weapons
 a - a +0 long sword (weapon)
Armour
 b - a +0 scale mail (worn)
 c - a +0 buckler (worn)
Scrolls
 j - a scroll of blinking
Potions
 h - 2 potions of magic


   Skills:
 + Level 10.1 Fighting
 + Level 8.0 Long Blades
 + Level 9.9 Armour
 + Level 9.8 Shields


You had 5 spell levels left.
You didn't know any spells.
Your spell library was empty.

Dungeon Overview and Level Annotations

Branches:
Dungeon (1/1)

Altars:


Innate Abilities, Weirdness & Mutations

You have a pair of horns on your head.
You reflexively headbutt those who attack you in melee.


Message History

There is an open door here.
You hit the merfolk siren.
The merfolk siren is moderately wounded.
The merfolk siren chants a haunting song.
You resist with almost no effort.
You closely miss the merfolk siren.
The merfolk siren is moderately wounded.
The merfolk siren hits you with a +0 spear!
You miss the merfolk siren. Your headbutt misses the merfolk siren.
The merfolk siren is moderately wounded.
The merfolk siren hits you with a +0 spear! x2
You hit the merfolk siren but do no damage.
The merfolk siren is moderately wounded.
The merfolk siren hits you with a +0 spear!!
* * * LOW HITPOINT WARNING * * *
You feel yourself speed up.
The merfolk siren chants a haunting song.
You are mesmerised by the merfolk siren!
You slash the merfolk siren!
The merfolk siren is heavily wounded.
You barely miss the merfolk siren. Your headbutt misses the merfolk siren.
The merfolk siren is heavily wounded.
The merfolk siren chants its luring song.
You barely miss the merfolk siren.
The merfolk siren is heavily wounded.
The merfolk siren chants its luring song.
You hit the merfolk siren.
The merfolk siren is heavily wounded.
You hit the merfolk siren. You headbutt the merfolk siren!
The merfolk siren is severely wounded.
The merfolk siren chants its luring song.
You hit the merfolk siren.
The merfolk siren is almost dead.
The merfolk siren chants its luring song.
You hit the merfolk siren but do no damage.
The merfolk siren is almost dead.
You hit the merfolk siren but do no damage.
The merfolk siren is almost dead.
The merfolk siren hits you with a +0 spear!
You die...

## ###
#.##..# #
#...# ## #.
##'###.##
#l##.##...#
#+.<.@m#
#l##.##...#
#. #+# #.##
# ##


You could see a merfolk siren (mesmerising).

Vanquished Creatures
  4 neqoxecs (D)
4 creatures vanquished.

Notes
Turn   | Place    | Note
-------+----------+-------------------------------------------
     0 | D        | Hipnos the Minotaur Fighter began the quest for the Orb.
     0 | D        | Reached XP level 1. HP: 19/19 MP: 0/0
     1 | D        | Noticed a wyvern
     1 | D        | Noticed a wyvern
     4 | D        | Noticed a neqoxec
     4 | D        | Noticed a neqoxec
     4 | D        | Noticed a neqoxec
     4 | D        | Noticed a neqoxec
    15 | D        | Killed a neqoxec
    16 | D        | Reached skill level 7 in Fighting
    16 | D        | Reached XP level 2. HP: 26/34 MP: 1/1
    16 | D        | Reached XP level 3. HP: 29/39 MP: 2/2
    16 | D        | Reached XP level 4. HP: 35/47 MP: 3/3
    27 | D        | Killed a neqoxec
    28 | D        | Reached skill level 8 in Fighting
    28 | D        | Reached XP level 5. HP: 3/56 MP: 4/4
    30 | D        | Killed a neqoxec
    31 | D        | Reached skill level 9 in Fighting
    31 | D        | Reached XP level 6. HP: 15/64 MP: 5/5
    33 | D        | Killed a neqoxec
    34 | D        | Reached skill level 10 in Fighting
   278 | D        | Noticed a merfolk siren
   292 | D        | Slain by a merfolk siren

Illustrated notes

Levels and vault maps discovered:
D:        the_violet_keep_of_menkaure [sprint2_stairs_cluster_1,
          sprint2_shoproom, sprint2_temple, sprint2_basic_supplies,
          sprint2_obstacle_6, sprint2_obstacle_1, sprint2_obstacle_5,
          sprint2_obstacle_7, sprint2_obstacle_4, sprint2_timed_cluster_1,
          sprint2_smallroom_cluster_1, sprint2_smallroom_final_cluster_1,
          sprint2_transparent_cluster_1, sprint2_second_timed_cluster_1,
          sprint2_sniper_area_1, sprint2_heavy_combat_area_1,
          sprint2_mutation_trap_area_1, sprint2_forest_area_1,
          sprint2_light_combat_area_1, sprint2_behind_water_1,
          sprint2_near_end_vault_1]

Skill      XL: |  1  2  3  4  5  6 |
---------------+-------------------+-----
Fighting       | 7 8 9 10 | 10.1
Long Blades    | 4 6 7 8 |  8.0
Armour         | 6 8 9 |  9.9
Shields        | 7 8 9 |  9.8

Action                   |  1- 3 |  4- 6 || total
-------------------------+-------+-------++-------
Melee: Long sword        |    10 |    27 ||    37
       Headbutt          |     1 |     5 ||     6
  Use: Potion            |     1 |     4 ||     5
Armor: Scale mail        |     1 |     2 ||     3
Dodge: Dodged            |     1 |     6 ||     7
Block: Buckler           |     3 |     4 ||     7

Table legend: (Time is in decaauts)
 A = Elapsed time spent in this place.
 B = Non-inter-level travel time spent in this place.
 C = Inter-level travel time spent in this place.
 D = Time resting spent in this place.
 E = Time spent auto-exploring this place.
 F = Levels seen in this place.
 G = Mean time per level.
                   A        B        C        D        E       F      G
               +--------+--------+--------+--------+--------+-----+--------+
         Total |    301 |    301 |      0 |    239 |      0 |   1 |  301.0 |
       Dungeon |    301 |    301 |      0 |    239 |      0 |   1 |  301.0 |
               +--------+--------+--------+--------+--------+-----+--------+

Top non-repeatable levels by time:
       D: 301 daAuts
